 Dungeon Crawl Stone Soup version 0.21-a0-265-gb353147 (webtiles) character file.

22 4thArraOfDagon the Bolt Thrower (level 2, -8/21 HPs)
             Began as a Barachi Arcane Marksman on Sept 11, 2017.
             Mangled by Crazy Yiuf
             ... wielding a +3 quarterstaff of chaos
              (19 damage)
             ... on level 2 of the Dungeon.
             The game lasted 00:01:29 (295 turns).

4thArraOfDagon the Bolt Thrower (BaAM)               Turns: 295, Time: 00:01:30

Health: -8/21      AC: 10    Str: 11    XL:     2   Next: 91%
Magic:  3/3        EV:  5    Int: 13    God:
Gold:   2          SH:  0    Dex: 12    Spells: 2/3 levels left

rFire    . . .     SeeInvis .   a - +0 hand crossbow
rCold    . . .     Gourm    .   (no shield)
rNeg     . . .     Faith    .   g - +0 chain mail
rPois    .         Spirit   .   (no helmet)
rElec    .         Reflect  .   (no cloak)
rCorr    .         Harm     .   h - +1 pair of gloves
MR       .....                  (no boots)
Stlth    ..........             (no amulet)
HPRegen  0.07/turn              (no ring)
MPRegen  0.08/turn              (no ring)

@: can't hop, very slightly contaminated, invisible, slow
A: +LOS, swims, slowness 1, strong legs 1
a: Hop


You were on level 2 of the Dungeon.
You were not hungry.

You visited 1 branch of the dungeon, and saw 2 of its levels.

You collected 2 gold pieces.

Inventory:

Hand Weapons
 a - a +0 hand crossbow (weapon)
Missiles
 d - 6 bolts (quivered)
Armour
 e - a +0 robe
 g - a +0 chain mail (worn)
 h - a +1 pair of gloves (worn)
Scrolls
 b - a scroll of fear {unknown}
Books
 c - a book of Debilitation

   Spells                             Type                      Level
   a - Corona                         Hexes                        1
   b - Slow                           Hexes                        2
   c - Inner Flame                    Hexes/Fire                   3
   d - Portal Projectile              Hexes/Translocation          3
   e - Cause Fear                     Hexes                        4
   f - Leda's Liquefaction            Hexes/Earth                  4
Comestibles
 f - a bread ration


   Skills:
 - Level 1.2 Fighting
 * Level 3.3 Crossbows
 - Level 2.1 Dodging
 - Level 1.1 Spellcasting
 - Level 3.2 Hexes


You had 2 spell levels left.
You knew the following spells:

 Your Spells              Type           Power        Failure   Level  Hunger
a - Corona                Hex            #......      99%         1    ##.....


Dungeon Overview and Level Annotations

Branches:
Dungeon (2/15)

Altars:

Annotations:
D:2 Crazy Yiuf


Innate Abilities, Weirdness & Mutations

Shadows flee at your approach. (+LOS)
You can swim through water.
You cover ground slowly.
You can hop short distances.


Message History

Firing (i - inventory):
d - 9 bolts (quivered)
Press: ? - help, Shift-Dir - straight line, f/p - Crazy Yiuf
Aim: Crazy Yiuf, wielding a quarterstaff of chaos and wearing an embroidered cloak (severely wounded, unusually strong)
You shoot a bolt. The bolt closely misses Crazy Yiuf.
Firing (i - inventory):
d - 8 bolts (quivered)
Press: ? - help, Shift-Dir - straight line, f/p - Crazy Yiuf
Aim: Crazy Yiuf, wielding a quarterstaff of chaos and wearing an embroidered cloak (severely wounded, unusually strong)
You shoot a bolt. The bolt closely misses Crazy Yiuf.
Crazy Yiuf hits you with a quarterstaff of chaos.
You fade into invisibility!
You are very lightly contaminated with residual magic.
Firing (i - inventory):
d - 7 bolts (quivered)
Press: ? - help, Shift-Dir - straight line, f/p - Crazy Yiuf
Aim: Crazy Yiuf, wielding a quarterstaff of chaos and wearing an embroidered cloak (severely wounded, unusually strong)
You shoot a bolt. The bolt hits Crazy Yiuf.
Crazy Yiuf is severely wounded.
Crazy Yiuf hits you with a quarterstaff of chaos.
You are electrocuted!
Ouch! That really hurt!
You die...

#########.#
#(#
.....†(...#
♣.♣♣
#########.#
♣♣.♣ #.#
♣.♣♣ #.#
♣♣(♣ #.#
♣♣(♣♣ #.#
♣♣...♣ #.#
♣..g.♣ #.#
##.@##
#.####....#
#........##
#####...##
#####


You could see Crazy Yiuf.

Vanquished Creatures
  A worm (D:2)
  2 dart slugs (D:1)
  2 leopard geckos
  2 bats
  2 hobgoblins
  2 jackals (D:2)
  2 rats
13 creatures vanquished.

Notes
Turn   | Place    | Note
-------+----------+-------------------------------------------
     0 | D:1      | 4thArraOfDagon the Barachi Arcane Marksman began the quest for the Orb.
     0 | D:1      | Reached XP level 1. HP: 15/15 MP: 2/2
    37 | D:1      | Reached XP level 2. HP: 21/21 MP: 3/3
   280 | D:2      | Found a runed door.
   284 | D:2      | Noticed Crazy Yiuf
   295 | D:2      | Mangled by Crazy Yiuf

Vault maps used:
D:1:      eino_arrival_cavern_e
D:2:      serial_forest, infiniplex_forest_zigzag_1, infiniplex_forest_pool,
          infiniplex_forest_end_1, infiniplex_forest_end_3,
          infiniplex_forest_straight_4, infiniplex_forest_clump_diagonal,
          infiniplex_forest_straight_1, uniq_terence, uniq_crazy_yiuf_cottage

Skill      XL: |  1  2 |
---------------+-------+-----
Crossbows      | 3 |  3.3
Fighting       | |  1.2
Dodging        | |  2.1
Spellcasting   | |  1.1
Hexes          | |  3.2

Action                   || total
-------------------------++-------
Melee: Unarmed           ||     7
 Fire: Hand crossbow     ||    56
 Abil: Hop               ||     1
Armor: Robe              ||     2
       Chain mail        ||    60
Dodge: Dodged            ||    32

Table legend:
 A = Spawn XP
 B = Non-spawn XP
 C = Spawn XP percentage of total XP
 D = Spawn monster count
 E = Non-spawn monster count
 F = Spawn count percentage of total count
 G = Total turns spent on level
                    A         B        C        D         E        F      G
               +---------+---------+-------+---------+---------+-------+---------
         Total |       0 |      32 |   0.0 |       0 |      13 |   0.0 |   295
               +---------+---------+-------+---------+---------+-------+---------
           D:1 |       0 |      16 |   0.0 |       0 |       6 |   0.0 |   118
           D:2 |       0 |      16 |   0.0 |       0 |       7 |   0.0 |   177
               +---------+---------+-------+---------+---------+-------+---------
